 Dungeon Crawl Stone Soup version 0.28-a0-1167-g616b1c6417 (webtiles) character file.

Game seed: 14138823585849220764

83 ChaosChampion the Conjurer (level 4, 0/24 HPs)
             Began as a Deep Elf Conjurer on Dec 16, 2021.
             Slain by an orc wizard (5 damage)
             ... on level 2 of the Dungeon.
             The game lasted 00:02:19 (2429 turns).

ChaosChampion the Conjurer (Deep Elf Conjurer)      Turns: 2429, Time: 00:02:19

Health: 0/24       AC:  4    Str:  4    XL:     4   Next: 22%
Magic:  9/12       EV:  9    Int: 25    God:
Gold:   62         SH:  5    Dex: 13    Spells: 6/12 levels left

rFire   . . .      SeeInvis .   (no weapon)
rCold   . . .      Faith    .   (no shield)
rNeg    . . .      Spirit   .   a - +0 robe
rPois   .          Reflect  +   (no helmet)
rElec   .          Harm     .   l - +0 cloak
rCorr   +          Rampage  .   h - +0 pair of gloves
Will    .....                   (no boots)
Stlth   ++........              k - amulet of reflection
HPRegen 0.08/turn               c - ring of resist corrosion
MPRegen 0.13/turn               (no ring)

@: constricted
A: no striking features
a: no special abilities


You were on level 2 of the Dungeon.
You visited 1 branch of the dungeon, and saw 3 of its levels.

You collected 62 gold pieces.

Inventory:

Armour
 a - a +0 robe (worn)
 b - a scarf of shadows
 g - a +0 kite shield
 h - a +0 pair of gloves (worn)
 l - a +0 cloak (worn)
Jewellery
 c - a ring of resist corrosion (left hand)
 k - an amulet of reflection (around neck)
Scrolls
 d - a scroll of teleportation {unknown}
 e - 4 scrolls of identify {unknown}
 f - a scroll of acquirement {unknown}
 i - a scroll of magic mapping {unknown}
Potions
 j - a potion of curing {unknown}
 m - a potion of heal wounds {unknown}


   Skills:
 - Level 2.4 Dodging
 - Level 2.4 Stealth
 + Level 4.7 Spellcasting
 + Level 5.4 Conjurations
 * Level 0.9 Hexes


You had 6 spell levels left.
You knew the following spells:

 Your Spells              Type           Power      Damage    Failure   Level
a - Magic Dart            Conj           100%       1d8       1%          1
b - Searing Ray           Conj           64%        2d6       1%          2
c - Tukima's Dance        Hex            10%        N/A       17%         3

Your spell library contained the following spells:

 Spells                   Type           Power      Damage    Failure   Level
 Shock                    Conj/Air       76%        1d7       2%          1
 Dazzling Flash           Conj/Hex       42%        N/A       7%          3
 Animate Skeleton         Necr           10%        N/A       9%          1
 Apportation              Tloc           10%        N/A       9%          1
 Summon Small Mammal      Summ           20%        N/A       9%          1
 Ensorcelled Hibernation  Hex/Ice        16%        N/A       11%         2
 Fulminant Prism          Conj/Hex       10%        3d9       22%         4
 Swiftness                Air            5%         N/A       26%         3
 Iskenderun's Mystic Bla  Conj/Tloc      19%        2d6       28%         4
 Airstrike                Air            2%         N/A       63%         4


Dungeon Overview and Level Annotations

Branches:
Dungeon (3/15)

Altars:


Message History

The ball python misses you. You block the orc's attack.
Casting: Searing Ray (safe; 1% risk of failure)
Confirm with . or Enter, or press ? or * to list all spells.
Restarting spell: Searing Ray (safe; 1% risk of failure)
Press: ? - help, Shift-Dir - straight line, f - orc
Aim: an orc, wielding a +0 club (81% to hit)
The searing ray hits the orc!
You kill the orc! (Press . to maintain the ray.)
The orc wizard casts a spell at you.
You are confused.
The ball python closely misses you. The ball python grabs you.
The ball python constricts you. The ball python barely misses you.
The ball python constricts you.
You're too confused to cast spells.
You're too confused to cast spells.
You're too confused to cast spells.
The ball python's grasp on you weakens, but your attempt to escape fails.
The ball python bites you. The ball python constricts you.
The orc wizard hits you with a +4 dagger.
The ball python bites you. The ball python constricts you.
* * * LOW HITPOINT WARNING * * *
Unknown command.
You escape the ball python's grasp.
The orc wizard closely misses you.
You climb upwards.
There is a stone staircase leading down here.
You're too confused to cast spells.
You barely miss the orc wizard.
The orc wizard is moderately wounded.
The ball python closely misses you. The ball python grabs you.
The ball python constricts you.
* * * LOW HITPOINT WARNING * * *
The orc wizard completely misses you.
The ball python bites you but does no damage.
The ball python constricts you.
* * * LOW HITPOINT WARNING * * *
You bump into the rock wall.
You feel less confused.
The orc wizard hits you with a +4 dagger.
You die...

#######..####..##.###
....................#
....###..####..####.# ###.# #..#
#.......# #.# #..# ##.######
###.# #..# #.# ....# #..# #.#
##..###..#####.##################
...............S@o....(.....)...#
...........####################.#
##.........# #.# ##.#.#.##.# #.#
#.#.#.##.# #.# ###...#....# #.#
..##..####.# #.#
#.##..####.########## #.#
#.##...............<# #.#


You could see an orc wizard and a ball python.

Vanquished Creatures
  2 adders (D:2)
  2 worms (D:2)
  A dart slug (D:2)
  2 orcs (D:3)
  4 ball pythons
  An endoplasm (D:2)
  5 giant cockroaches
  4 goblins
  11 hobgoblins
  3 quokkas
  3 bats
  A frilled lizard (D:1)
  4 kobolds
  6 rats
49 creatures vanquished.

Vanquished Creatures (others)
  2 plants (D:1)
2 creatures vanquished.

Grand Total: 51 creatures vanquished

Notes
Turn   | Place    | Note
-------+----------+-------------------------------------------
     0 | D:1      | ChaosChampion the Deep Elf Conjurer began the quest for the
                  | Orb.
     0 | D:1      | Reached XP level 1. HP: 10/10 MP: 6/6
   205 | D:1      | Reached XP level 2. HP: 15/15 MP: 5/8
   945 | D:1      | Reached skill level 5 in Conjurations
   945 | D:1      | Reached XP level 3. HP: 19/19 MP: 1/10
  1854 | D:2      | Learned a level 2 spell: Searing Ray
  1913 | D:2      | Found a faded altar of an unknown god.
  1918 | D:2      | Learned a level 3 spell: Tukima's Dance
  1931 | D:2      | Reached XP level 4. HP: 24/24 MP: 9/12
  2429 | D:2      | Slain by an orc wizard

Illustrated notes

Levels and vault maps discovered:
D:1:      minmay_arrival_checkered_box, layout_basic, dk_noncrumbling_3,
          serial_bayou_ford_a, minmay_small_reverse_x
D:2:      layout_basic, hellmonk_ecumenical_altar_inner_sanctum
D:3:      layout_rooms, amcnicky_altar_gilded,
          nicolae_dithmenos_through_a_glass_darkly, ebering_ghost_rock_garden,
          cheibrodos_gnoll_hut

Skill      XL: |  1  2 |
---------------+-------+-----
Spellcasting   | 4 |  4.7
Conjurations   | 5 |  5.4
Dodging        | |  2.4
Stealth        | |  2.4
Hexes          | |  0.9

Action                   |  1- 3 |  4- 6 || total
-------------------------+-------+-------++-------
Melee: Unarmed           |     1 |     1 ||     2
 Cast: Magic Dart        |    81 |     1 ||    82
       Searing Ray       |       |     8 ||     8
Armor: Robe              |     1 |     2 ||     3
Dodge: Dodged            |     6 |     6 ||    12
Block: Other             |       |     4 ||     4

Table legend: (Time is in decaauts)
 A = Elapsed time spent in this place.
 B = Non-inter-level travel time spent in this place.
 C = Inter-level travel time spent in this place.
 D = Time resting spent in this place.
 E = Time spent auto-exploring this place.
 F = Levels seen in this place.
 G = Mean time per level.
                   A        B        C        D        E       F      G
               +--------+--------+--------+--------+--------+-----+--------+
         Total |   2434 |   2397 |     37 |    129 |   1938 |   3 |  811.3 |
       Dungeon |   2434 |   2397 |     37 |    129 |   1938 |   3 |  811.3 |
               +--------+--------+--------+--------+--------+-----+--------+

Top non-repeatable levels by time:
     D:1: 1417 daAuts
     D:2: 1006 daAuts
     D:3: 10 daAuts
